 Dungeon Crawl Stone Soup version 0.28-a0-1159-g27aa881441 (webtiles) character file.

Game seed: 662406203955067829

161 mainiacjoe the Covert (level 5, -4/36 HPs)
             Began as an Octopode Delver on Dec 16, 2021.
             Slain by a kobold (5 damage)
             ... in a sewer.
             The game lasted 00:04:04 (1976 turns).

mainiacjoe the Covert (Octopode Delver)             Turns: 1976, Time: 00:04:05

Health: -4/36      AC:  1    Str: 13    XL:     5   Next: 42%
Magic:  5/5        EV: 14    Int: 13    God:
Gold:   139        SH:  0    Dex: 13    Spells: 4/4 levels left

rFire   . . .      SeeInvis .   a - +0 falchion
rCold   . . .      Faith    .   (no shield)
rNeg    . . .      Spirit   .   (helmet restricted)
rPois   .          Reflect  .   (no amulet)
rElec   .          Harm     .   (no ring)
rCorr   .          Rampage  .   (no ring)
Will    .....                   (no ring)
Stlth   +++++.....              (no ring)
HPRegen 0.12/turn               (no ring)
MPRegen 0.09/turn               (no ring)
                                (no ring)
                                (no ring)

@: no status effects
A: almost no armour, amphibious, 8 rings, camouflage 1, gelatinous body 1,
(nimble swimmer 1), tentacles
a: no special abilities


You were in a sewer.
You visited 1 branch of the dungeon, and saw 3 of its levels.
You also visited: Sewer.

You collected 139 gold pieces.

Inventory:

Hand Weapons
 a - a +0 falchion (weapon)
 l - a +0 arbalest
 m - a +0 great mace
Missiles
 k - 14 stones
 o - 25 poisoned darts (quivered)
Wands
 f - a wand of digging (3)
Scrolls
 b - 2 scrolls of fog
 c - a scroll of magic mapping
 g - a scroll of acquirement {unknown}
 h - a scroll of teleportation {unknown}
 j - a scroll of immolation {unknown}
Potions
 d - a potion of cancellation {unknown}
 e - a potion of haste
 i - a potion of resistance {unknown}
 n - a potion of curing {unknown}


   Skills:
 - Level 3.0 Fighting
 + Level 3.1 Long Blades
 + Level 3.1 Dodging
 * Level 8.4 Stealth


You had 4 spell levels left.
You didn't know any spells.
Your spell library was empty.

Dungeon Overview and Level Annotations

Branches:
Dungeon (5/15)              Sewer (1/1)
 Temple: D:4-7

Altars:
Qazlal
Xom

Annotations:
D:4 Dowan, Duvessa
D:5 exclusions: adder, quokka and skeleton


Innate Abilities, Weirdness & Mutations

You cannot wear most types of armour.
You are amphibious.
You can wear up to eight rings at the same time.
Your skin changes colour to match your surroundings (Stealth+).
Your rubbery body absorbs attacks. (AC +1, EV +1)
((You are camouflaged near water. (Stealth+)))
You have tentacles for arms and can constrict up to eight enemies at once.


Message History

You hit the kobold brigand but do no damage.
The kobold brigand is lightly wounded.
You constrict the kobold brigand.
The kobold brigand hits you with a +0 dagger.
The kobold hits you with a +0 dagger. The kobold hits you but does no damage.
You hit the kobold brigand.
The kobold brigand is lightly wounded.
You constrict the kobold brigand.
The kobold brigand hits you with a +0 dagger.
The kobold closely misses you. The kobold barely misses you.
You slash the kobold brigand!
The kobold brigand is heavily wounded.
You constrict the kobold brigand. The kobold brigand misses you.
The kobold closely misses you. The kobold barely misses you.
You hit the kobold brigand.
The kobold brigand is almost dead.
You constrict the kobold brigand. The kobold brigand barely misses you.
The kobold hits you with a +0 dagger. The kobold hits you with a +0 club.
You hit the kobold brigand.
The kobold brigand is almost dead.
You constrict the kobold brigand. The kobold brigand barely misses you.
The kobold barely misses you. The kobold hits you with a +0 club.
The kobold brigand hits you with a +0 dagger.
* * * LOW HITPOINT WARNING * * *
The kobold barely misses you.
You hit the kobold brigand.
You kill the kobold brigand!
The kobold closely misses you. The kobold hits you with a +0 dagger.
* * * LOW HITPOINT WARNING * * *
The kobold hits you with a +0 club.
* * * LOW HITPOINT WARNING * * *
Your Long Blades skill increases to level 3!
Your Dodging skill increases to level 3!
You have reached level 5!
You feel clever.
You barely miss the kobold. Your grab misses the kobold.
The kobold hits you with a +0 dagger.
* * * LOW HITPOINT WARNING * * *
The kobold hits you with a +0 club.
You die...

≈≈≈≈ ≈≈≈≈
≈≈≈ ≈≈≈ ###
### #!.#.?#
..... ≈≈
##...## ≈≈≈
#..)K.#
≈≈≈≈#..@K.#
≈≈≈≈###'###
≈≈≈≈≈≈...##
≈≈≈≈≈≈....#
≈≈≈≈≈≈....#
≈≈≈≈≈≈....##
≈≈≈≈≈≈.....#
≈≈≈≈≈≈.....#
≈≈≈≈≈......#


You could see 2 kobolds.

Vanquished Creatures
  A kobold brigand (Sewer)
  A hound (D:4)
  A centaur skeleton (D:4)
  A hound skeleton (D:4)
  2 adders
  A ball python (D:4)
  A hobgoblin (D:4)
  2 quokkas (D:5)
  4 rats (Sewer)
14 creatures vanquished.

Notes
Turn   | Place    | Note
-------+----------+-------------------------------------------
     0 | D:5      | mainiacjoe the Octopode Delver began the quest for the Orb.
     0 | D:5      | Reached XP level 1. HP: 16/16 MP: 1/1
   350 | D:5      | Noticed a hound
   650 | D:4      | Reached skill level 7 in Stealth
   650 | D:4      | Reached XP level 2. HP: 20/21 MP: 2/2
   663 | D:4      | Noticed Dowan
   694 | D:4      | Reached XP level 3. HP: 15/26 MP: 3/3
   904 | D:4      | Found a shimmering altar of Xom.
  1093 | D:4      | Reached XP level 4. HP: 9/31 MP: 4/4
  1425 | D:4      | Found a stormy altar of Qazlal.
  1727 | D:4      | Noticed Duvessa
  1844 | D:3      | Found a glowing drain.
  1856 | Sewer    | Entered a sewer
  1919 | Sewer    | Reached skill level 8 in Stealth
  1965 | Sewer    | Noticed a kobold brigand
  1975 | Sewer    | Killed a kobold brigand
  1975 | Sewer    | HP: 1/31 [kobold (4)]
  1976 | Sewer    | Reached XP level 5. HP: 1/36 MP: 5/5
  1976 | Sewer    | Slain by a kobold

Illustrated notes

Levels and vault maps discovered:
D:3:      layout_basic, lemuel_crystal_altar, portal_sewer_entry_d,
          lemuel_flame_loot_1
D:4:      layout_basic, nicolae_qazlal_general_emergency, lemuel_round_altar,
          uniq_duvessa
D:5:      layout_rooms
Sewer:    sewer_minmay_treatment

Skill      XL: |  1  2  3  4 |
---------------+-------------+-----
Stealth        | 7 8 |  8.4
Long Blades    | 3 |  3.1
Dodging        | 3 |  3.1
Fighting       | |  3.0

Action                   |  1- 3 |  4- 6 || total
-------------------------+-------+-------++-------
Melee: Falchion          |    21 |    18 ||    39
       Constrict         |     5 |     3 ||     8
       Tentacles         |     6 |     2 ||     8
Throw: Stone             |       |    15 ||    15
       Dart              |       |     3 ||     3
  Use: Scroll            |     1 |       ||     1
 Stab: Sleeping          |     4 |       ||     4
Armor: Skin              |     2 |     2 ||     4
Dodge: Dodged            |    16 |    17 ||    33

Table legend: (Time is in decaauts)
 A = Elapsed time spent in this place.
 B = Non-inter-level travel time spent in this place.
 C = Inter-level travel time spent in this place.
 D = Time resting spent in this place.
 E = Time spent auto-exploring this place.
 F = Levels seen in this place.
 G = Mean time per level.
                   A        B        C        D        E       F      G
               +--------+--------+--------+--------+--------+-----+--------+
         Total |   1983 |   1965 |     18 |    583 |   1100 |   4 |  495.8 |
       Dungeon |   1860 |   1842 |     18 |    583 |   1059 |   3 |  620.0 |
         Sewer |    123 |    123 |      0 |      0 |     41 |   1 |  123.0 |
               +--------+--------+--------+--------+--------+-----+--------+

Top non-repeatable levels by time:
     D:4: 1315 daAuts
     D:5: 508 daAuts
   Sewer: 123 daAuts
     D:3: 36 daAuts
